 Dungeon Crawl Stone Soup version 0.28-a0-425-gd0eccab798 (webtiles) character file.

Game seed: 774628355067274185

1065 robertstho the Chopper (level 8, -6/71 HPs)
             Began as a Minotaur Berserker on Sept 9, 2021.
             Was a Priest of Trog.
             Mangled by Grum (11 damage)
             ... on level 8 of the Dungeon.
             The game lasted 00:04:52 (5205 turns).

robertstho the Chopper (Minotaur Berserker)         Turns: 5205, Time: 00:04:53

Health: -6/71      AC: 12    Str: 23    XL:     8   Next: 6%
Magic:  7/7        EV:  5    Int:  5    God:    Trog [***...]
Gold:   270        SH: 15    Dex: 10    Spells: 7/7 levels left

rFire   . . .      SeeInvis .   b - +0 war axe
rCold   . . .      Faith    .   n - +2 kite shield {reflect}
rNeg    . . .      Spirit   .   u - +0 plate armour
rPois   .          Reflect  +   (helmet restricted)
rElec   .          Harm     .   (no cloak)
rCorr   .          Rampage  .   (no gloves)
Will    ++...                   (no boots)
Stlth   ..........              p - amulet of reflection
HPRegen 1.21/turn               (no ring)
MPRegen 0.10/turn               (no ring)

@: about to teleport, strong-willed, on berserk cooldown, regenerating, slowed,
very slow
A: horns 2, retaliatory headbutt
a: Renounce Religion, Berserk, Trog's Hand


You were on level 8 of the Dungeon.
You worshipped Trog.
Trog was most pleased with you.
You visited 1 branch of the dungeon, and saw 6 of its levels.

You collected 270 gold pieces.

Inventory:

Hand Weapons
 b - a +0 war axe (weapon)
Armour
 n - a +2 kite shield of reflection (worn)
 u - a +0 plate armour (worn)
Jewellery
 p - an amulet of reflection (around neck)
Scrolls
 c - 3 scrolls of teleportation
 d - 2 scrolls of vulnerability {unknown}
 e - a scroll of fog {unknown}
 g - a scroll of summoning {unknown}
 h - 2 scrolls of enchant armour
 i - a scroll of blinking {unknown}
 o - 2 scrolls of silence {unknown}
 q - a scroll of torment {unknown}
 s - a scroll of immolation
Potions
 a - a potion of ambrosia {unknown}
 f - 2 potions of lignification
 k - a potion of haste {unknown}
 l - a potion of curing {unknown}


   Skills:
 * Level 6.7 Fighting
 + Level 7.3 Axes
 * Level 6.4 Armour
 + Level 3.2 Dodging
 + Level 2.9 Shields


You had 7 spell levels left.
You didn't know any spells.
Your spell library was empty.

Dungeon Overview and Level Annotations

Branches:
Dungeon (8/15)             Temple (0/1) D:5
   Lair: D:8-11

Altars:
Elyvilon
Hepliaklqana
Makhleb
Sif Muna
Xom
Yredelemnul
The Shining One

Shops:
D:1 !

Annotations:
D:1 Potion shop
D:8 Grum


Innate Abilities, Weirdness & Mutations

You have a pair of horns on your head.
You reflexively headbutt those who attack you in melee.


Message History

You kill the wolf!
Trog accepts your kill. You block the wolf's attack.
The wolf bites you but does no damage. You block the wolf's attack.
Grum hits you but does no damage. The wolf bites you but does no damage.
You have reached level 8!
You feel agile.
You completely miss the wolf.
The wolf is severely wounded.
You slash the wolf! You block the wolf's attack. The wolf barely misses you.
You block Grum's attack. The wolf bites you!
* * * LOW HITPOINT WARNING * * *
Unknown command.
You closely miss the wolf.
The wolf is severely wounded.
You hit the wolf. The wolf bites you.
* * * LOW HITPOINT WARNING * * *
The wolf completely misses you. The wolf bites you.
* * * LOW HITPOINT WARNING * * *
Grum hits you from afar with a +1 halberd.
* * * LOW HITPOINT WARNING * * *
Unknown command.
You feel a strong urge to attack something.
You block the wolf's attack. The wolf bites you but does no damage.
The wolf bites you but does no damage.
You feel your anger nearly subside.
You are no longer berserk.
You are exhausted.
You feel yourself slow down.
Your skin crawls.
You feel strong-willed.
You block the wolf's attack. x2; The wolf closely misses you.
You furiously retaliate!
You headbutt the wolf, but do no damage.
The wolf bites you but does no damage.
Grum hits you from afar with a +1 halberd!
* * * LOW HITPOINT WARNING * * *
As you read the scroll of teleportation, it crumbles to dust.
You feel strangely unstable. You block the wolf's attack. x2
Grum hits you from afar with a +1 halberd!
You die...

........# # #######.## #
#######...######### #
§.§.☼.#...#.§.§.§## ##
._....'...'...._.#A #.
§.§.§.#...#.§.§.§## #.
##### #...######### #.
#######g#################.
........h@................
.............##.....#####.
############.##.....# #.
#.######## #. #.......^#
#. #........# ###.
##.......# #... #.##.####
#.## #.##..#####.##


You could see Grum and a wolf.

Vanquished Creatures
  A black bear (D:5)
  A necrophage (D:4)
  A wolf (D:8)
  A phantom (D:5)
  3 scorpions
  A jelly (D:4)
  A water moccasin skeleton (D:5)
  3 hounds (D:4)
  An orc priest (D:2)
  3 iguanas (D:5)
  3 orc wizards
  4 gnolls (D:3)
  3 adders (D:2)
  A shadow imp (D:5)
  A worm (D:4)
  4 dart slugs
  16 orcs
  9 ball pythons
  8 endoplasms
  3 giant cockroaches
  8 goblins
  7 hobgoblins
  6 jackals (D:1)
  8 quokkas
  3 bats (D:1)
  5 frilled lizards
  5 kobolds
  8 rats
118 creatures vanquished.

Notes
Turn   | Place    | Note
-------+----------+-------------------------------------------
     0 | D:1      | robertstho the Minotaur Berserker began the quest for the
                  | Orb.
     0 | D:1      | Reached XP level 1. HP: 19/19 MP: 0/0
   225 | D:1      | Reached XP level 2. HP: 27/27 MP: 1/1
   285 | D:1      | Found Hut Ismo's Distillery.
   321 | D:1      | Reached skill level 4 in Axes
   722 | D:1      | Found a faded altar of an unknown god.
   751 | D:1      | Reached XP level 3. HP: 33/34 MP: 2/2
  1271 | D:1      | Reached ** piety under Trog
  1637 | D:2      | Reached XP level 4. HP: 25/41 MP: 3/3
  1849 | D:2      | Reached skill level 5 in Fighting
  2082 | D:2      | Reached skill level 5 in Axes
  2531 | D:3      | Reached XP level 5. HP: 25/48 MP: 4/4
  3379 | D:3      | Reached XP level 6. HP: 54/57 MP: 5/5
  4170 | D:4      | Reached skill level 6 in Axes
  4226 | D:4      | Reached skill level 5 in Armour
  4226 | D:4      | Reached XP level 7. HP: 39/63 MP: 6/6
  4361 | D:4      | Found a white marble altar of Elyvilon.
  4361 | D:4      | Found a shimmering altar of Xom.
  4361 | D:4      | Found a burning altar of Makhleb.
  4446 | D:5      | Entered Level 5 of the Dungeon
  4497 | D:5      | Reached *** piety under Trog
  4578 | D:5      | Reached skill level 1 in Shields
  4850 | D:5      | Reached skill level 7 in Axes
  5007 | D:5      | Found a hazy altar of Hepliaklqana.
  5048 | D:5      | Found a staircase to the Ecumenical Temple.
  5093 | D:5      | Found a shimmering blue altar of Sif Muna.
  5096 | D:5      | You fall into a shaft and drop 3 floors!
  5175 | D:8      | Found a glowing golden altar of the Shining One.
  5177 | D:8      | Noticed an angel
  5187 | D:8      | Found a basalt altar of Yredelemnul.
  5187 | D:8      | Noticed Grum
  5197 | D:8      | Reached XP level 8. HP: 39/71 MP: 7/7
  5205 | D:8      | Mangled by Grum

Illustrated notes

Levels and vault maps discovered:
D:1:      dpeg_arrival_subterranean_lakeside_camping, layout_basic,
          serial_shops, shop, hellmonk_ecumenical_altar_lost_god,
          serial_park_tiny_2, hex_medium, dk_noncrumbling_4
D:2:      layout_loops_ring, minmay_small_reverse_x
D:3:      layout_loops_corners
D:4:      layout_rooms, grunt_temple_overflow_diamond
D:5:      layout_basic, amcnicky_altar_gilded,
          worldfamousw_hep_ancestral_shrine, minmay_temple_entry_stoned_glass,
          chequers_serial_rivers_micro_a, minmay_manual_mess
D:8:      minmay_curly_fans, layout_basic, grunt_temple_overflow_holy_war,
          chequers_temple_overflow_minitemple, dk_noncrumbling_3, uniq_psyche,
          uniq_grum

Skill      XL: |  1  2  3  4  5  6  7 |
---------------+----------------------+-----
Fighting       | 4 5 6 |  6.7
Axes           | 4 5 6 7 |  7.3
Armour         | 3 5 6 |  6.4
Dodging        | 3 |  3.2
Shields        | 2 |  2.9

Action                   |  1- 3 |  4- 6 |  7- 9 || total
-------------------------+-------+-------+-------++-------
Melee: Hand axe          |    78 |    57 |       ||   135
       Headbutt          |    10 |    25 |    11 ||    46
       War axe           |       |    73 |    59 ||   132
Invok: Berserk           |     1 |     2 |     2 ||     5
       Trog's Hand       |       |       |     1 ||     1
  Use: Scroll            |       |     3 |     4 ||     7
Armor: Animal skin       |     7 |     4 |       ||    11
       Chain mail        |       |    65 |    31 ||    96
       Plate armour      |       |       |    16 ||    16
Dodge: Dodged            |    50 |    45 |    21 ||   116
Block: Kite shield       |       |    19 |    70 ||    89
       Reflection        |       |     2 |       ||     2

Table legend: (Time is in decaauts)
 A = Elapsed time spent in this place.
 B = Non-inter-level travel time spent in this place.
 C = Inter-level travel time spent in this place.
 D = Time resting spent in this place.
 E = Time spent auto-exploring this place.
 F = Levels seen in this place.
 G = Mean time per level.
                   A        B        C        D        E       F      G
               +--------+--------+--------+--------+--------+-----+--------+
         Total |   5306 |   5199 |    107 |    401 |   4070 |   6 |  884.3 |
       Dungeon |   5306 |   5199 |    107 |    401 |   4070 |   6 |  884.3 |
               +--------+--------+--------+--------+--------+-----+--------+

Top non-repeatable levels by time:
     D:1: 1499 daAuts
     D:3: 1495 daAuts
     D:2: 952 daAuts
     D:5: 681 daAuts
     D:4: 567 daAuts
     D:8: 109 daAuts
